 Dungeon Crawl Stone Soup version 0.32-a0-128-g77eb882913 (webtiles) character file.

Game seed: 11232881938842613322

5212 Ambrosia the Nimble (level 10, -1/53 HPs)
             Began as a Felid Shapeshifter on Feb 7, 2024.
             Was a Believer of Wu Jian.
             Slain by a raiju (9 damage)
             ... on level 9 of the Dungeon.
             The game lasted 00:11:04 (7713 turns).

Ambrosia the Nimble (Felid Shapeshifter)            Turns: 7713, Time: 00:11:05

Health: -1/53      AC:  2    Str: 12    XL:     10   Next: 35%
Magic:  11/11      EV: 26    Int: 13    God:    Wu Jian [**....]
Gold:   456        SH:  0    Dex: 19    Spells: 9/9 levels left
                                        Lives:  0   Deaths: 4

rFire   . .          .
                       - Unarmed
rCold   . . .        (shield unavailable)
rNeg    . . .        (body armour unavailable)
rPois   .            (helmet unavailable)
rElec   .            (cloak unavailable)
rCorr   +            (gloves unavailable)
SInv    +            (boots unavailable)
Will    ++...        q - amulet of regeneration
Stlth   ++++         a - ring of resist corrosion
HPRegen 1.08/turn    k - ring of willpower
MPRegen 0.12/turn

%: no passive effects
@: beast-form, invisible
A: beast (slay +4), very small, claws 1, fangs 3, see invisible, shaggy fur 2,
stealthy paws, no weapons or thrown items, no armour, multi-lived, mutation
resistance 1
a: Begin Untransformation, Renounce Religion, Wall Jump


You were on level 9 of the Dungeon.
You worshipped Wu Jian.
Wu Jian was pleased with you.
You were a hulking beast.
You visited 2 branches of the dungeon, and saw 10 of its levels.

You collected 456 gold pieces.

Inventory:

Jewellery
 a - a ring of resist corrosion (left paw)
   (You found it on level 2 of the Dungeon)
 k - a ring of willpower (right paw)
   (You found it on level 4 of the Dungeon)
 p - a ring of fire {rF+, rC-}
   (You found it on level 6 of the Dungeon)
 q - an amulet of regeneration (around neck)
   (You found it on level 7 of the Dungeon)
Talismans
 b - a beast talisman (active)
 c - a flux talisman
Wands
 m - a wand of quicksilver (7)
   (You found it on level 6 of the Dungeon)
 o - a wand of flame (11)
   (You found it on level 6 of the Dungeon)
Scrolls
 d - 2 scrolls of fear
 e - a scroll of amnesia
 g - 4 scrolls of teleportation {!r!d, @r3}
 h - 2 scrolls of revelation
 i - a scroll of fog
 s - 3 scrolls of blinking {!r!d}
Potions
 f - a potion of magic {unknown}
 j - a potion of resistance
 l - a potion of ambrosia
 r - a potion of haste {unknown}
 t - a potion of brilliance {unknown}
 u - a potion of degeneration {!q}
 x - a potion of curing {@q1, !d}


   Skills:
 + Level 6.0 Fighting
 * Level 11.1 Dodging
 + Level 8.4 Stealth
 + Level 6.4 Unarmed Combat
 * Level 7.4 Shapeshifting


You had 9 spell levels left.
You didn't know any spells.
Your spell library contained the following spells:

 Spells                   Type           Power      Damage    Failure   Level
 Kiss of Death            Conj/Necr      0%         2d5       30%         1
 Necrotise                Necr           0%         1d4       30%         1
 Sandblast                Erth           0%         2d4       30%         1
 Jinxbite                 Hex            0%         N/A       43%         2
 Lesser Beckoning         Tloc           0%         N/A       43%         2
 Call Canine Familiar     Summ           0%         N/A       67%         3
 Confusing Touch          Hex            0%         N/A       67%         3
 Gell's Gravitas          Tloc           0%         N/A       67%         3
 Inner Flame              Hex/Fire       0%         N/A       67%         3
 Passwall                 Erth           0%         N/A       67%         3
 Sigil of Binding         Hex            0%         N/A       67%         3
 Stone Arrow              Conj/Erth      0%         3d7       67%         3
 Teleport Other           Tloc           0%         N/A       67%         3
 Tukima's Dance           Hex            0%         N/A       67%         3
 Vampiric Draining        Necr           0%         2d6       67%         3
 Brom's Barrelling Bould  Conj/Erth      0%         2d3       97%         4
 Dispel Undead            Necr           0%         3d6       97%         4
 Iskenderun's Mystic Bla  Conj/Tloc      0%         2d3       97%         4
 Martyr's Knell           Necr/Summ      0%         N/A       97%         4
 Curse of Agony           Necr           0%         N/A       100%        5
 Irradiate                Conj/Alch      0%         3d11      100%        5
 Yara's Violent Unravell  Hex/Alch       0%         3d3       100%        5
 Enfeeble                 Hex            0%         N/A       100%        7
 Ignition                 Fire           0%         3d3       100%        8
 Dimensional Bullseye     Hex/Tloc       Unusable   N/A       N/A         4

Dungeon Overview and Level Annotations

Branches:
Dungeon (9/15) Zot: 26926  Temple (1/1) D:5 Zot: 5989    Lair (0/5) D:8
    Orc (0/2) D:9

Altars:
Ashenzari
Cheibriados
Dithmenos
Elyvilon
Fedhas
Gozag
Hepliaklqana
Kikubaaqudgha
Makhleb
Nemelex Xobeh
Okawaru
Qazlal
Ru
Sif Muna
Uskayaw
Vehumet
Wu Jian
Xom
Yredelemnul
Zin
The Shining One

Shops:
D:9 ?


Innate Abilities, Weirdness & Mutations

You are a hulking beast.
Your limbs bulge with bestial killing power. (Slay +4)
You have sharp claws.
You have razor-sharp teeth.
You have supernaturally acute eyesight. (SInv)
You are covered in thick fur. (AC +2)
Your paws help you pounce on unaware monsters.
You are incapable of wielding weapons or throwing items.
You cannot wear armour.
You gain extra lives every three experience levels.
You are somewhat resistant to further mutation.


Message History

You closely miss the troll. You bite the troll. The troll misses you.
The troll completely misses you. The troll misses you.
Attack: -) Teeth and claws
Press: ? - help, Dir - move target, f/p - troll
Aim: a troll (lightly wounded, about 27% to evade your paws)
You scratch the troll. The troll closely misses you.
The troll completely misses you. The troll misses you.
Attack: -) Teeth and claws
Press: ? - help, Dir - move target, f/p - troll
Aim: a troll (lightly wounded, about 27% to evade your paws)
You scratch the troll. You bite the troll!
Attack: -) Teeth and claws
Press: ? - help, Dir - move target, f/p - troll
Aim: a troll (heavily wounded, about 27% to evade your paws)
You barely miss the troll. The troll misses you. The troll claws you! x2
You take 18 damage, and have 24/53 hp.
MASSIVE DAMAGE!!
Attack: -) Teeth and claws
Press: ? - help, Dir - move target, f/p - troll
Aim: a troll (moderately wounded, about 27% to evade your paws)
You barely miss the troll. Your claw misses the troll. The troll misses you.
The troll claws you! The troll misses you.
You take 8 damage, and have 16/53 hp.
Attack: -) Teeth and claws
Press: ? - help, Dir - move target, f/p - troll
Aim: a troll (moderately wounded, about 27% to evade your paws)
You scratch the troll. Your bite misses the troll.
The troll completely misses you. The troll claws you.
* * * LOW HITPOINT WARNING * * *
The troll closely misses you.
You take 1 damage, and have 15/53 hp.
Attack: -) Teeth and claws
Press: ? - help, Dir - move target, f/p - troll
Aim: a troll (heavily wounded, about 27% to evade your paws)
You scratch the troll. Your bite misses the troll. The troll misses you.
The troll completely misses you. x2
You feel much better. The troll completely misses you. The troll misses you. x2
You regained 26 hp, and now have 42/53 hp.
Attack: -) Teeth and claws
Press: ? - help, Dir - move target, f/p - troll
Aim: a troll (moderately wounded, about 27% to evade your paws)
You scratch the troll. You bite the troll. The troll barely misses you.
The troll misses you. x2
Attack: -) Teeth and claws
Press: ? - help, Dir - move target, f/p - troll
Aim: a troll (heavily wounded, about 27% to evade your paws)
You claw the troll! You bite the troll, but do no damage. The troll bites you.
The troll claws you. x2
You take 13 damage, and have 30/53 hp.
MASSIVE DAMAGE!!
Attack: -) Teeth and claws
Press: ? - help, Dir - move target, f/p - troll
Aim: a troll (almost dead, about 27% to evade your paws)
You scratch the troll.
You kill the troll!
The Council accepts your kill.
Attack: -) Teeth and claws
Press: ? - help, Dir - move target, f - you
Okay, then.
You start resting.
Health restored: 53 No target in view!
There is an open door, spattered with blood here.
There are monsters nearby!
You lunge at the electric eel.
The raiju barks!
You claw the electric eel! You bite the electric eel.
You kill the electric eel!
The Council accepts your kill.
The electric eel shoots out a bolt of lightning at you!
The bolt of electricity hits you!
Your Fighting skill increases to level 6!
You take 11 damage, and have 42/53 hp.
MASSIVE DAMAGE!!
The electric eel shoots out a bolt of lightning at you!
The bolt of electricity hits you!
You take 11 damage, and have 31/53 hp.
MASSIVE DAMAGE!!
The raiju bursts into living lightning!
The living lightning misses you.
The raiju blinks!
The electric eel shoots out a bolt of lightning at you!
The bolt of electricity hits the electric eel.
The electric eel completely resists.
The bolt of electricity misses you.
The raiju bursts into living lightning!
The living lightning misses you.
The raiju blinks!
The electric eel shoots out a bolt of lightning at you!
The bolt of electricity hits the electric eel.
The electric eel completely resists.
The bolt of electricity hits you!
The electric eel shoots out a bolt of lightning at you!
The bolt of electricity hits you!
* * * LOW HITPOINT WARNING * * *
You take 24 damage, and have 7/53 hp.
MASSIVE DAMAGE!!
You regained 2 hp, and now have 9/53 hp.
There is an open door, spattered with blood here.
You fade into invisibility!
The raiju barely misses you.
Attack: -) Teeth and claws
Press: ? - help, Dir - move target, f - raiju
Aim: a raiju (about 36% to evade your paws)
You scratch the raiju. You bite the raiju, but do no damage.
The raiju bites you!
* * * LOW HITPOINT WARNING * * *
The raiju shocks you!
You die...

....≈≈≈≈≈≈..##.###.##.##.#
#.... ..ß...._≈≈..##.#
#.##.##.####....
....≈≈≈≈≈≈.....#
#.##.#......<...
..≈≈≈≈≈≈≈..#..##
#.##.######.####
...........##..###.##.#
#<#
.......+....#......##.#
###
.......#.##.#...#####.#
########.##.#....# ######
#..).####h# ##S~~~
######...h###≈~~..~
#....#≈≈S..... ≈≈###
#....#~....... $S~≈S
#..........≈~. }..~S
#........~~~≈~ .....
#......~≈≈#### ~....
######≈≈### ≈~~.. ####
##≈~S


You could see a raiju.

Vanquished Creatures
  Jeremiah (D:7)
  A troll (D:9)
  Sigmund (D:5)
  A shadow (D:9)
  A wraith (D:8)
  6 yaks (D:9)
  Eustachio (D:5)
  2 steam dragons (D:8)
  An acid dragon (D:9)
  2 water moccasins (D:7 D:8)
  An orc warrior (D:9)
  A sky beast (D:7)
  A black bear (D:7)
  An ice beast (D:6)
  2 ogres (D:7)
  A centaur (D:9)
  2 phantoms (D:5)
  2 kobold brigands (D:8 D:9)
  3 bullfrogs (D:6 D:7)
  7 scorpions (D:4 D:5 D:6 D:7)
  4 wights (D:8)
  5 killer bees (D:9)
  2 electric eels (D:8 D:9)
  A bombardier beetle (D:7)
  4 hounds (D:5 D:6 D:7)
  An orc priest (D:7)
  Crazy Yiuf (D:6)
  4 iguanas (D:4 D:5 D:7)
  Terence (D:3)
  A sleepcap (D:7)
  7 orc wizards (D:4 D:6 D:7 D:8 D:9)
  7 adders (D:3 D:4 D:5 D:6)
  2 white imps (D:6)
  2 dart slugs (D:3 D:4)
  2 ribbon worms (D:2 D:3)
  20 orcs (D:3 D:4 D:6 D:7 D:8)
  A bat (D:2)
  10 endoplasms (D:1 D:2 D:3 D:4)
  6 giant cockroaches (D:1 D:3 D:4)
  5 goblins (D:1 D:2 D:3)
  A hobgoblin (D:3)
  4 jackals (D:1)
  4 quokkas (D:1 D:2)
  12 ball pythons (D:1 D:2 D:4)
  6 frilled lizards (D:1 D:2 D:3)
  18 kobolds (D:1 D:2 D:4 D:8 D:9)
  3 rats (D:3)
172 creatures vanquished.

Notes
Turn   | Place    | Note
-------+----------+-------------------------------------------
     0 | D:1      | Ambrosia the Felid Shapeshifter began the quest for the
                  | Orb.
     0 | D:1      | Reached XP level 1. HP: 10/10 MP: 2/2
   290 | D:1      | Reached skill level 3 in Dodging
   295 | D:1      | Reached XP level 2. HP: 12/14 MP: 3/3
   392 | D:1      | HP: 7/14 [poisoned by a kobold]
   394 | D:1      | Reached skill level 1 in Stealth
   397 | D:1      | HP: 3/21 [poisoned by a kobold]
   399 | D:1      | HP: 1/21 [poisoned by a kobold]
   630 | D:1      | Ambrosia: where tf ya-
   630 | D:1      | Ambrosia: wtf
   695 | D:1      | Ambrosia: hi?
   715 | D:1      | Reached skill level 3 in Shapeshifting
   944 | D:2      | Reached XP level 3. HP: 18/18 MP: 4/4
   976 | D:2      | HP: 8/18 [kobold/+0 dagger (3)]
   978 | D:2      | TheSexyCheese: HI
   981 | D:2      | HP: 6/18 [kobold/+0 whip (2)]
   983 | D:2      | Gained mutation: You expend magic power (3 MP) to
                  | strengthen your wands. [potion of mutation]
   983 | D:2      | Lost mutation: You expend magic power (3 MP) to strengthen
                  | your wands. [potion of mutation]
   983 | D:2      | Gained mutation: You are somewhat resistant to further
                  | mutation. [potion of mutation]
   983 | D:2      | HP: 1/18 [ribbon worm (6)]
  1059 | D:2      | Ambrosia: oh jesus
  1277 | D:2      | Ambrosia: I am going to be in a world of pain
  1277 | D:2      | Ambrosia: with felid
  1447 | D:2      | HP: 6/18 [ribbon worm (4)]
  1450 | D:2      | HP: 2/18 [ribbon worm (5)]
  1801 | D:3      | HP: 7/18 [orc/+0 flail (7)]
  2200 | D:3      | Noticed Terence
  2203 | D:3      | HP: 9/18 [Terence/+0 flail (9)]
  2205 | D:3      | Slain by Terence
  2205 | D:3      | Lost a life (0 lives remaining)
  2225 | D:3      | Killed Terence
  2226 | D:3      | Reached skill level 4 in Dodging
  2226 | D:3      | Reached skill level 2 in Stealth
  2226 | D:3      | Reached XP level 4. HP: 22/23 MP: 5/5
  2226 | D:3      | Gained a life (1 life remaining)
  2998 | D:4      | Noticed a scorpion
  3002 | D:4      | Killed a scorpion
  3003 | D:4      | Reached skill level 2 in Fighting
  3003 | D:4      | Reached XP level 5. HP: 26/26 MP: 6/6
  3003 | D:4      | Ambrosia: wtf
  3148 | D:4      | Reached skill level 5 in Dodging
  3393 | D:4      | Reached skill level 3 in Stealth
  3434 | D:4      | Gained mutation: You are covered in thick fur. (AC +2)
                  | [Felid growth]
  3434 | D:4      | Reached XP level 6. HP: 27/32 MP: 7/7
  3778 | D:5      | Entered Level 5 of the Dungeon
  3804 | D:5      | Noticed Sigmund
  3818 | D:5      | Killed Sigmund
  3819 | D:5      | Reached skill level 4 in Shapeshifting
  3877 | D:5      | Reached skill level 4 in Unarmed Combat
  3877 | D:5      | Reached XP level 7. HP: 25/35 MP: 8/8
  3877 | D:5      | Gained a life (2 lives remaining)
  3921 | D:5      | Reached skill level 6 in Dodging
  3950 | D:5      | Noticed Eustachio
  3964 | D:5      | Killed Eustachio
  3965 | D:5      | Reached skill level 3 in Fighting
  3965 | D:5      | Reached skill level 4 in Stealth
  3975 | D:5      | HP: 13/36 [phantom (6)]
  3977 | D:5      | HP: 6/36 [phantom (2)]
  4307 | D:5      | Found a staircase to the Ecumenical Temple.
  4322 | Temple   | Entered the Ecumenical Temple
  4327 | Temple   | Became a worshipper of the Wu Jian Council
  4358 | D:5      | Reached skill level 7 in Dodging
  4358 | D:5      | Reached XP level 8. HP: 40/40 MP: 9/9
  4524 | D:6      | Reached skill level 5 in Stealth
  4524 | D:6      | Reached skill level 5 in Shapeshifting
  4986 | D:6      | Found a runed translucent door.
  4987 | D:6      | Noticed Crazy Yiuf
  4995 | D:6      | Killed Crazy Yiuf
  5074 | D:7      | Reached skill level 4 in Fighting
  5082 | D:7      | Reached skill level 8 in Dodging
  5082 | D:7      | Reached skill level 5 in Unarmed Combat
  5083 | D:7      | HP: 19/42 [poisoned by a water moccasin]
  5088 | D:7      | HP: 14/42 [poisoned by a water moccasin]
  5327 | D:7      | Found a snail-covered altar of Cheibriados.
  5382 | D:7      | HP: 15/42 [orc priest/divine providence (12)]
  5391 | D:7      | HP: 16/42 [orc priest/divine providence (13)]
  5397 | D:7      | HP: 14/42 [orc priest/nerve-wracking pain (3)]
  5402 | D:7      | HP: 12/42 [orc wizard/puff of flame (3)]
  5405 | D:7      | Reached * piety under Wu Jian
  5561 | D:7      | Reached skill level 6 in Stealth
  5618 | D:7      | Reached XP level 9. HP: 40/46 MP: 10/10
  5697 | D:7      | Noticed Jeremiah
  5703 | D:7      | Killed Jeremiah
  5704 | D:7      | Reached skill level 9 in Dodging
  5704 | D:7      | Reached skill level 6 in Shapeshifting
  6216 | D:8      | Reached skill level 5 in Fighting
  6216 | D:8      | Reached skill level 7 in Stealth
  6270 | D:8      | Noticed a two-headed ogre
  6282 | D:8      | HP: 17/47 [two-headed ogre/+0 giant club (30)]
  6287 | D:8      | HP: 11/47 [two-headed ogre/+0 giant club (17)]
  6288 | D:8      | Slain by a two-headed ogre
  6288 | D:8      | Lost a life (1 life remaining)
  6338 | D:8      | Found a staircase to the Lair.
  6433 | D:8      | HP: 20/47 [steam dragon] (5)]
  6812 | D:8      | Reached skill level 10 in Dodging
  6880 | D:8      | HP: 10/47 [two-headed ogre/+0 giant club (19)]
  6881 | D:8      | Mangled by a two-headed ogre
  6881 | D:8      | Lost a life (0 lives remaining)
  7175 | D:9      | Found a staircase to the Orcish Mines.
  7175 | D:9      | Found a burning altar of Makhleb.
  7338 | D:9      | Found Ruewof's Magic Scroll Shoppe.
  7343 | D:9      | Reached skill level 6 in Unarmed Combat
  7411 | D:9      | Reached ** piety under Wu Jian
  7454 | D:9      | HP: 19/47 [kobold brigand/+0 short sword (7)]
  7456 | D:9      | Reached XP level 10. HP: 18/51 MP: 11/11
  7456 | D:9      | Gained a life (1 life remaining)
  7459 | D:9      | HP: 17/51 [poisoned by a kobold brigand (curare-tipped
                  | dart)]
  7517 | D:9      | Reached skill level 7 in Shapeshifting
  7530 | D:9      | HP: 26/52 [yak (11)]
  7537 | D:9      | HP: 13/52 [yak (11)]
  7538 | D:9      | HP: 1/52 [yak (13)]
  7541 | D:9      | Reached skill level 8 in Stealth
  7636 | D:9      | HP: 24/53 [electric eel/bolt of electricity (9)]
  7638 | D:9      | Killed from afar by an electric eel
  7638 | D:9      | Lost a life (0 lives remaining)
  7666 | D:9      | Reached skill level 11 in Dodging
  7669 | D:9      | HP: 24/53 [troll (10)]
  7703 | D:9      | Reached skill level 6 in Fighting
  7705 | D:9      | HP: 20/53 [electric eel/bolt of electricity (14)]
  7705 | D:9      | HP: 7/53 [electric eel/bolt of electricity (13)]
  7713 | D:9      | HP: 8/53 [raiju (7)]
  7713 | D:9      | Slain by a raiju

Illustrated notes

Levels and vault maps discovered:
D:1:      nicolae_arrival_somewhat_less_tricky_arrival, layout_loops_ring
D:2:      layout_rooms, chequers_garden, hangedman_decor_clover_reticule,
          chequers_big_river, kennysheep_generic_room_10
D:3:      layout_basic, minmay_misc_feat_plants, minmay_pentangle, uniq_terence
D:4:      layout_loops_corners
D:5:      layout_rooms, minmay_temple_entry_drinking_statues, uniq_sigmund,
          uniq_eustachio
D:6:      layout_basic, uniq_crazy_yiuf_cottage
D:7:      layout_loops_ring, chei_slow_surprise, uniq_jeremiah
D:8:      layout_basic, lair_entry_dummy, minivault_11,
          eino_small_chamber_without_monster
D:9:      layout_basic, mainiacjoe_overflow_catwalk, orc_0_dummy, serial_shops,
          nicolae_shop_hallway_plus, nicolae_have_a_lightning_rod
Temple:   compressed_dpeg_triangle_lava_temple

Skill      XL: |  1  2  3  4  5  6  7  8  9 10 |
---------------+-------------------------------+-----
Dodging        | 3 4 5 7 8 10 11 | 11.1
Stealth        | 1 2 3 4 6 7 8 |  8.4
Shapeshifting  | 3 4 5 6 7 |  7.4
Fighting       | 2 3 4 5 6 |  6.0
Unarmed Combat | 4 5 6 |  6.4

Action                     |  1- 3 |  4- 6 |  7- 9 | 10-12 || total
---------------------------+-------+-------+-------+-------++-------
  Melee: Unarmed           |   119 |    68 |   265 |    41 ||   493
         Bite              |     8 |     9 |    34 |    10 ||    61
         Punch             |     1 |     4 |    17 |     4 ||    26
Ability: Begin Untransform |     1 |       |       |       ||     1
         Lunge             |       |       |    23 |     2 ||    25
         Whirlwind         |       |       |    14 |     8 ||    22
  Evoke: Wand              |       |       |       |     5 ||     5
    Use: Scroll            |    10 |     2 |     4 |     1 ||    17
         Potion            |     3 |     1 |     6 |     2 ||    12
   Stab: Sleeping          |     3 |    11 |    19 |     2 ||    35
         Invisible         |     1 |       |     3 |       ||     4
         Distracted        |       |       |     2 |       ||     2
 Armour: Skin              |    32 |    16 |    69 |    29 ||   146
  Dodge: Dodged            |    87 |    38 |   214 |    51 ||   390
   Form: Beast             |     2 |       |       |       ||     2

Table legend: (Time is in decaauts)
 A = Elapsed time spent in this place.
 B = Non-inter-level travel time spent in this place.
 C = Inter-level travel time spent in this place.
 D = Time resting spent in this place.
 E = Time spent auto-exploring this place.
 F = Levels seen in this place.
 G = Mean time per level.
                   A        B        C        D        E       F      G
               +--------+--------+--------+--------+--------+-----+--------+
         Total |   7709 |   7436 |    273 |    881 |   5272 |  10 |  770.9 |
       Dungeon |   7698 |   7425 |    273 |    881 |   5272 |   9 |  855.3 |
        Temple |     10 |     10 |      0 |      0 |      0 |   1 |   10.0 |
               +--------+--------+--------+--------+--------+-----+--------+

Top non-repeatable levels by time:
     D:7: 1111 daAuts
     D:3: 1103 daAuts
     D:4: 965 daAuts
     D:8: 941 daAuts
     D:1: 936 daAuts
     D:2: 772 daAuts
     D:5: 726 daAuts
     D:9: 606 daAuts
     D:6: 534 daAuts
  Temple: 10 daAuts

Levels and vault maps discovered:
D:1:      nicolae_arrival_somewhat_less_tricky_arrival, layout_loops_ring
D:2:      layout_rooms, chequers_garden, hangedman_decor_clover_reticule,
          chequers_big_river, kennysheep_generic_room_10
D:3:      layout_basic, minmay_misc_feat_plants, minmay_pentangle, uniq_terence
D:4:      layout_loops_corners
D:5:      layout_rooms, minmay_temple_entry_drinking_statues, uniq_sigmund,
          uniq_eustachio
D:6:      layout_basic, uniq_crazy_yiuf_cottage
D:7:      layout_loops_ring, chei_slow_surprise, uniq_jeremiah
D:8:      layout_basic, lair_entry_dummy, minivault_11,
          eino_small_chamber_without_monster
D:9:      layout_basic, mainiacjoe_overflow_catwalk, orc_0_dummy, serial_shops,
          nicolae_shop_hallway_plus, nicolae_have_a_lightning_rod
Temple:   compressed_dpeg_triangle_lava_temple

Table legend: (Time is in decaauts)
 A = Elapsed time spent in this place.
 B = Non-inter-level travel time spent in this place.
 C = Inter-level travel time spent in this place.
 D = Time resting spent in this place.
 E = Time spent auto-exploring this place.
 F = Levels seen in this place.
 G = Mean time per level.
                   A        B        C        D        E       F      G
               +--------+--------+--------+--------+--------+-----+--------+
         Total |   7709 |   7436 |    273 |    881 |   5272 |  10 |  770.9 |
       Dungeon |   7698 |   7425 |    273 |    881 |   5272 |   9 |  855.3 |
        Temple |     10 |     10 |      0 |      0 |      0 |   1 |   10.0 |
               +--------+--------+--------+--------+--------+-----+--------+

Top non-repeatable levels by time:
     D:7: 1111 daAuts
     D:3: 1103 daAuts
     D:4: 965 daAuts
     D:8: 941 daAuts
     D:1: 936 daAuts
     D:2: 772 daAuts
     D:5: 726 daAuts
     D:9: 606 daAuts
     D:6: 534 daAuts
  Temple: 10 daAuts

Table legend:
 A = Kills in this place as a percentage of kills in the entire game.
 B = Kills by you in this place as a percentage of kills by you in the entire game.
 C = Kills by friends in this place as a percentage of kills by friends in the entire game.
 D = Other kills in this place as a percentage of other kills in the entire game.
 E = Experience gained in this place as a percentage of experience gained in the entire game.
 F = Experience gained in this place divided by the number of levels of this place that you have seen.
                   A       B       C       D       E      F
               +-------+-------+-------+-------+-------+----------------------
         Total | 100.0 | 100.0 |   N/A |   N/A | 100.0 | 744.7
       Dungeon | 100.0 | 100.0 |   N/A |   N/A | 100.0 | 827.4
               +-------+-------+-------+-------+-------+----------------------
